 Dungeon Crawl Stone Soup version 0.17-a0-1738-g82cdc46 (webtiles) character file.

47 ithil the Ducker (level 3, 0/18 HPs)
             Began as a Felid Berserker on Aug 30, 2015.
             Was a Believer of Trog.
             Slain by a worm (9 damage)
             ... on level 3 of the Dungeon.
             The game lasted 00:14:53 (2171 turns).

ithil the Ducker (Felid Berserker)                  Turns: 2171, Time: 00:14:53

Health: 0/18       AC:  1    Str: 14    XL:     3   Next: 48%
Magic:  4/4        EV: 19    Int:  8    God:    Trog [**....]
Gold:   164        SH:  0    Dex: 15    Spells: 0 memorised, 2 levels left
                                        Lives:  0   Deaths: 0

rFire  . . .     SeeInvis +       - Unarmed
rCold  . . .     Clarity  .     (armour unavailable)
rNeg   . . .     SustAt   .     (shield unavailable)
rPois  .         Gourm    .     (helmet unavailable)
rElec  .         Spirit   .     (cloak unavailable)
rCorr  .         Warding  .     (gloves unavailable)
rMut   .         Stasis   .     (boots unavailable)
MR     .....                    h - amulet of rage
Stlth  ++........               (no ring)
                                e - ring of see invisible

@: quick, not resistant to hostile enchantments, unstealthy
A: no armour, no weapons or thrown items, claws 1, fangs 3, see invisible,
carnivore 3, speed 1, shaggy fur 1, slow metabolism 1, sharp paws
a: Burn Spellbooks, Berserk, Trog's Hand, Renounce Religion, Evoke Berserk Rage


You were on level 3 of the Dungeon.
You worshipped Trog.
Trog was pleased with you.
You were not hungry.

You visited 1 branch of the dungeon, and saw 3 of its levels.

You collected 164 gold pieces.

Inventory:

Jewellery
 e - a ring of see invisible (left paw)
 h - an amulet of rage (around neck)
 l - an uncursed amulet of faith {unknown}
 p - an uncursed ring of protection from fire {unknown}
 q - a +5 ring of evasion {unknown}
Scrolls
 c - 2 scrolls of remove curse
 d - a scroll of blinking
 i - 4 scrolls of identify
 j - a scroll of teleportation
 n - a scroll of magic mapping {unknown}
 o - a scroll of noise
Potions
 g - a potion of curing {unknown}
 k - a potion of mutation {unknown}
 m - a potion of agility {unknown}
Comestibles
 a - 3 meat rations
 b - 2 bread rations
 f - a chunk of flesh


   Skills:
 + Level 3.7 Fighting
 + Level 4.6 Dodging
 + Level 1.1 Stealth
 + Level 3.4 Unarmed Combat


You had 2 spell levels left.
You didn't know any spells.

Dungeon Overview and Level Annotations

Branches:
Dungeon (3/15)

Altars:
Sif Muna
The Shining One


Innate Abilities, Weirdness & Mutations

You cannot wear armour.
You are incapable of wielding weapons or throwing items.
You have sharp claws.
You have razor-sharp teeth.
You have supernaturally acute eyesight.
You are carnivorous and can eat meat at any time.
You cover ground quickly.
You are covered in fur (AC +1).
You have a slow metabolism.
Your sharp claws are effective at attacking unaware monsters.


Message History

You see here a giant gecko corpse.
You butcher the giant gecko corpse.
f - a chunk of flesh
Found 14 gold pieces.
Found 18 sling bullets.
A worm comes into view.
You see here 14 gold pieces.
You now have 164 gold pieces (gained 14).
Found a stone staircase leading down.
You can't grasp things well enough to throw them.
Unknown command.
The worm closely misses you.
You barely miss the worm. You completely miss the worm. The worm bites you.
You barely miss the worm. You barely miss the worm. You bite the worm.
The worm is lightly wounded.
The worm bites you!
Ouch! That really hurt!
You die...

############
#..........####
#.......(..#..##
#.............>#
#..............#
#..............###
###.................
#..................#
#.#.........@w...#
#####.#..............#
......######....###.##
.###### ##..## # .###


#PPPP# ...##### ##P#.# .#.....# ##.## ###.##..# #<.# # You could see a worm.

Vanquished Creatures
  An adder (D:2)
  An ooze (D:1)
  A worm (D:2)
  A giant gecko (D:3)
  2 ball pythons (D:2)
  4 hobgoblins
  5 kobolds
  4 bats
  A giant cockroach (D:1)
  A giant newt (D:2)
  6 goblins
  2 rats (D:2)
29 creatures vanquished.

Notes
Turn   | Place    | Note
--------------------------------------------------------------
     0 | D:1      | ithil the Felid Berserker began the quest for the Orb.
     0 | D:1      | Reached XP level 1. HP: 10/10 MP: 2/2
   260 | D:1      | Reached XP level 2. HP: 12/14 MP: 3/3
   982 | D:2      | Reached XP level 3. HP: 17/17 MP: 4/4
  1182 | D:2      | Found a deep blue altar of Sif Muna.
  1262 | D:2      | Acquired Trog's second power
  1944 | D:2      | Found a glowing golden altar of the Shining One.
  2145 | D:3      | Reached skill level 1 in Stealth
  2171 | D:3      | Slain by a worm

Vault maps used:
D:1:      dpeg_arrival_shelter
D:2:      led_sif_pool, nicolae_tso_swordbearing_angel, first_bread,
          st_stairs_13, kennysheep_generic_room_13
D:3:      elyvilon_altar_1, okawaru_gym_becter, uniq_crazy_yiuf_cottage

Action                   || total
-------------------------++-------
Melee: Unarmed           ||    84
  Use: Scroll            ||     6
 Stab: Sleeping          ||     2
  Eat: Chunk             ||     1
